[Event "Titled Tuesday Blitz May 30 Early 2023"]
[White "Steinberg, Nitzan"]
[Black "Miranda, Rafael"]
[WhiteFideId "2801795"]
[BlackFideId "130990"]
[WhiteElo "2486"]
[BlackElo "2204"]
[Result "1-0"]
[Round "04"]
[TimeControl "180+2"]
[Date "2023.05.30"]
[WhiteClock "0:00:34"]
[BlackClock "0:00:15"]

1. Nf3 Nf6 2. g3 g6 3. Bg2 Bg7 4. O-O O-O 5. d3 d6 6. e4 c5 7. Re1 Nc6 8. Nbd2 e6 9. Nf1 Qc7 10. h4 b6 11. Bf4 e5 12. Bg5 Nd4 13. Ne3 Be6 14. c3 Nxf3+ 15. Qxf3 Nd7 16. Nf5 gxf5 17. exf5 e4 18. dxe4 Ne5 19. Qd1 f6 20. fxe6 fxg5 21. hxg5 Qe7 22. f4 Qxe6 23. fxe5 Bxe5 24. Qh5 Bxg3 25. Rf1 Be5 26. Rf5 Qg6 27. Qh4 Rae8 28. Raf1 d5 29. Qg4 dxe4 30. Bxe4 Qg7 31. Rxf8+ Rxf8 32. Qe6+ Rf7 33. Rxf7 Qxg5+ 34. Bg2 Qc1+ 35. Rf1+ 1-0


[Site "https://www.chess.com"]

[Event "Titled Tuesday Blitz May 30 Early 2023"]
[White "Asis Gargatagli, Hipolito"]
[Black "Golubev, Mikhail"]
[WhiteFideId "2260735"]
[BlackFideId "14100983"]
[WhiteElo "2557"]
[BlackElo "2374"]
[Result "1-0"]
[Round "04"]
[TimeControl "180+2"]
[Date "2023.05.30"]
[WhiteClock "0:01:34"]
[BlackClock "0:00:00"]

1. e4 c5 2. Nf3 d6 3. Bc4 Nf6 4. d3 e6 5. O-O Be7 6. a4 O-O 7. Bb3 b6 8. Re1 Bb7 9. c3 Nc6 10. Na3 Rc8 11. h3 a6 12. Bf4 d5 13. e5 Nd7 14. d4 cxd4 15. cxd4 Nb4 16. Nc2 Nb8 17. Nxb4 Bxb4 18. Re3 Nc6 19. Bc2 Be7 20. Rc1 Nb4 21. Bb1 Rxc1 22. Qxc1 Qd7 23. Rc3 Rc8 24. h4 a5 25. h5 Ba6 26. h6 g6 27. Bg5 Bf8 28. Nh2 Nc6 29. Ng4 Qb7 30. Nf6+ Kh8 31. Qf4 Be7 32. Nxh7 Bb4 33. Qf6+ 1-0


[Site "https://www.chess.com"]

[Event "Titled Tuesday Blitz May 30 Early 2023"]
[White "Makarian, Rudik"]
[Black "Martic, Ivan"]
[WhiteFideId "44105681"]
[BlackFideId "929301"]
[WhiteElo "2461"]
[BlackElo "2360"]
[Result "1-0"]
[Round "04"]
[TimeControl "180+2"]
[Date "2023.05.30"]
[WhiteClock "0:00:04"]
[BlackClock "0:00:00"]

1. d4 d5 2. c4 c6 3. Nf3 Nf6 4. Nc3 dxc4 5. g3 Bg4 6. Ne5 Bh5 7. Bg2 Nbd7 8. Nxc4 e6 9. O-O Nb6 10. Qd3 Nxc4 11. Qxc4 Be7 12. Bg5 O-O 13. Bxf6 Bxf6 14. e3 Qb6 15. b4 a5 16. b5 cxb5 17. Qxb5 Qxb5 18. Nxb5 Be2 19. Rfb1 Bd3 20. Rb3 Bc4 21. Rb2 e5 22. Nd6 Ba6 23. Ne4 exd4 24. Nxf6+ gxf6 25. exd4 Rfd8 26. Rd1 Rac8 27. h4 b5 28. Bf1 Rd5 29. Bg2 Rd6 30. d5 b4 31. Rd4 Rc1+ 32. Kh2 Rc4 33. Rbd2 Rxd4 34. Rxd4 Kf8 35. Be4 h6 36. g4 Ke7 37. Kg3 Rb6 38. Kf4 Kd6 39. Rd2 a4 40. Kf5 Bc8+ 41. Kxf6 Bxg4 42. Kxf7 Ke5 43. f3 Bh3 44. Kg7 b3 45. axb3 axb3 46. Rb2 Kd4 47. h5 Kc3 48. Rh2 Bf1 49. f4 b2 50. f5 Kd4 51. Bb1 Kxd5 52. f6 Ke5 53. f7 Rb7 54. Rxb2 Ra7 55. Rf2 Bc4 56. Bg6 Kd4 57. Kh8 Ke3 58. f8=Q Rh7+ 59. Kxh7 Bd3 60. Kxh6 1-0


[Site "https://www.chess.com"]

[Event "Titled Tuesday Blitz May 30 Early 2023"]
[White "Girsh, Daniel"]
[Black "Pichot, Alan"]
[WhiteFideId "30949190"]
[BlackFideId "110973"]
[WhiteElo "2075"]
[BlackElo "2573"]
[Result "0-1"]
[Round "04"]
[TimeControl "180+2"]
[Date "2023.05.30"]
[WhiteClock "0:00:05"]
[BlackClock "0:01:21"]

1. d4 Nf6 2. c4 e6 3. Nc3 Bb4 4. e3 b6 5. Bd3 Bb7 6. Nf3 Bxc3+ 7. bxc3 O-O 8. O-O d6 9. Nd2 e5 10. e4 Nc6 11. Re1 exd4 12. cxd4 Nxd4 13. Bb2 Ne6 14. Nf1 Nc5 15. Ng3 Re8 16. f3 Nfd7 17. Bc2 Ne5 18. f4 Nxc4 19. Bxg7 Kxg7 20. Nf5+ Kh8 21. Qd4+ Ne5 22. fxe5 Rxe5 23. Rf1 Qg5 24. Rf2 Bxe4 25. h4 Qg6 26. Ne7 Qe6 27. Bxe4 Nxe4 28. Re2 Nf6 29. Rae1 Qxe7 30. Rxe5 dxe5 31. Rxe5 Qd6 32. Qg4 Nxg4 0-1


[Site "https://www.chess.com"]

[Event "Titled Tuesday Blitz May 30 Early 2023"]
[White "Uzcategui Rodriguez, Alejandro"]
[Black "Kovalenko, Igor"]
[WhiteFideId "3903400"]
[BlackFideId "14117908"]
[WhiteElo "2252"]
[BlackElo "2574"]
[Result "1-0"]
[Round "04"]
[TimeControl "180+2"]
[Date "2023.05.30"]
[WhiteClock "0:00:45"]
[BlackClock "0:00:00"]

1. d4 Nf6 2. Nf3 e6 3. Bg5 d5 4. Nbd2 Nbd7 5. e3 Be7 6. Bd3 h6 7. Bh4 c5 8. c3 b6 9. Ne5 Bb7 10. f4 Nxe5 11. fxe5 Nd7 12. Bxe7 Qxe7 13. O-O O-O-O 14. a4 f6 15. exf6 gxf6 16. a5 c4 17. Be2 b5 18. Bf3 a6 19. e4 e5 20. exd5 exd4 21. d6 Qe3+ 22. Kh1 d3 23. Bxb7+ Kxb7 24. Re1 Qf4 25. Re4 Qxd6 26. Qf3 Kb8 27. Rae1 Ne5 28. Qf2 Qc7 29. Qxf6 Nd7 30. Qxa6 Qb7 31. Qd6+ Qc7 32. Qb4 Qc5 33. Rxc4 Qxb4 34. Rxb4 Ka7 35. Rxb5 1-0


[Site "https://www.chess.com"]

[Event "Titled Tuesday Blitz May 30 Early 2023"]
[White "Bortnyk, Olexandr"]
[Black "Iskusnyh, Sergei"]
[WhiteFideId "14120828"]
[BlackFideId "4120027"]
[WhiteElo "2734"]
[BlackElo "2492"]
[Result "1-0"]
[Round "04"]
[TimeControl "180+2"]
[Date "2023.05.30"]
[WhiteClock "0:01:38"]
[BlackClock "0:00:00"]

1. d4 d5 2. Nc3 Nf6 3. Bf4 c5 4. e4 Nxe4 5. Nxe4 dxe4 6. dxc5 Qa5+ 7. c3 Qxc5 8. Qa4+ Bd7 9. Qxe4 Bc6 10. Qc2 e6 11. O-O-O Be7 12. Nf3 Nd7 13. Bd3 Qa5 14. Kb1 Nc5 15. b4 Qb6 16. Be3 Ba4 17. Qxa4+ Nxa4 18. Bxb6 axb6 19. Bb5+ Kf8 20. Kc2 Bf6 21. Nd4 g6 22. Kb3 Nxc3 23. Kxc3 Rxa2 24. Bc4 Rxf2 25. Rhf1 Rxf1 26. Rxf1 Kg7 27. Rd1 Rc8 28. b5 h5 29. h3 h4 30. Rd2 Rd8 31. Be2 Rd5 32. Bf3 Rxb5 33. Kc4 Rc5+ 34. Kb3 Rc7 35. Nb5 Rc5 36. Nd6 Be5 37. Nxb7 Rc3+ 38. Kb4 Re3 39. Rd7 Kf8 40. Bc6 g5 41. Nd8 Bc3+ 42. Kc4 f5 43. Rf7+ Kg8 44. Bd7 g4 45. hxg4 fxg4 46. Rf4 Be5 47. Bxe6+ Kg7 48. Rxg4+ Kf6 49. Bd5 Rc3+ 50. Kb4 Rc5 51. Bf3 Bd6 52. Nb7 1-0


[Site "https://www.chess.com"]

[Event "Titled Tuesday Blitz May 30 Early 2023"]
[White "brm72"]
[Black "Paravyan, David"]
[BlackFideId "4194985"]
[WhiteElo "2612"]
[BlackElo "2563"]
[Result "1/2-1/2"]
[Round "04"]
[TimeControl "180+2"]
[Date "2023.05.30"]
[WhiteClock "0:01:08"]
[BlackClock "0:00:35"]

1. d4 d5 2. c4 e6 3. Nf3 Nf6 4. Nc3 c5 5. cxd5 Nxd5 6. e4 Nxc3 7. bxc3 cxd4 8. cxd4 Bb4+ 9. Bd2 Bxd2+ 10. Qxd2 O-O 11. Bc4 Nd7 12. O-O b6 13. Rfe1 Bb7 14. Rad1 Nf6 15. d5 exd5 16. exd5 Qd6 17. Nd4 g6 18. Qg5 Rae8 19. Nf5 Qb4 20. Nh6+ Kg7 21. Nf5+ Kg8 22. Nh6+ Kg7 23. Nf5+ Kg8 1/2-1/2


[Site "https://www.chess.com"]

[Event "Titled Tuesday Blitz May 30 Early 2023"]
[White "Lazavik, Denis"]
[Black "Colas, Joshua"]
[WhiteFideId "13515110"]
[BlackFideId "2044447"]
[WhiteElo "2560"]
[BlackElo "2347"]
[Result "1-0"]
[Round "04"]
[TimeControl "180+2"]
[Date "2023.05.30"]
[WhiteClock "0:00:17"]
[BlackClock "0:00:01"]

1. d4 d5 2. c4 e6 3. Nc3 a6 4. cxd5 exd5 5. Nf3 Nf6 6. Bg5 Be6 7. e3 Nbd7 8. Bd3 Bd6 9. O-O c6 10. Bf4 Qb8 11. Bxd6 Qxd6 12. Qc2 O-O 13. h3 Rfc8 14. Rfc1 g6 15. Na4 Ne8 16. Rab1 Ng7 17. b4 Bf5 18. Nc5 Bxd3 19. Qxd3 Rab8 20. a4 Ne6 21. Qb3 Rc7 22. Ne1 Nb6 23. Ned3 Nc4 24. Rc2 Ng7 25. Ra1 Ra8 26. Rxc4 dxc4 27. Qxc4 Qd5 28. Qc3 b6 29. Nf4 Qd6 30. Nb3 Ne6 31. Nd3 h5 32. Qb2 Qd5 33. Rc1 Rb8 34. Qc3 Kh7 35. a5 bxa5 36. Nxa5 Ng5 37. Qe1 Ne4 38. f3 Nd6 39. Rc5 Qe6 40. e4 Nb5 41. d5 cxd5 42. Rxd5 Rd7 43. Nc5 Qxd5 44. exd5 Rxd5 45. Nc6 Rc8 46. Na5 Rc7 47. Kh2 Rf5 48. Nc4 Nd4 49. Ne3 Rf6 50. Ne4 Rxf3 51. Ng5+ Kg7 52. Nxf3 Nxf3+ 53. gxf3 Re7 54. Qc3+ 1-0


[Site "https://www.chess.com"]

[Event "Titled Tuesday Blitz May 30 Early 2023"]
[White "Hakobyan, Aram"]
[Black "Fiorito, Francisco"]
[WhiteFideId "13306677"]
[BlackFideId "180165"]
[WhiteElo "2584"]
[BlackElo "2341"]
[Result "1-0"]
[Round "04"]
[TimeControl "180+2"]
[Date "2023.05.30"]
[WhiteClock "0:01:53"]
[BlackClock "0:00:00"]

1. e4 e5 2. Nf3 Nf6 3. Nc3 Nc6 4. Nd5 Bc5 5. c3 Be7 6. d4 d6 7. Bd3 h6 8. O-O O-O 9. Nxe7+ Qxe7 10. Re1 Rd8 11. h3 a6 12. Bd2 b5 13. Qc2 Bb7 14. Rad1 Na5 15. b3 c5 16. d5 Rac8 17. c4 b4 18. a3 Qc7 19. axb4 cxb4 20. Bxb4 Ba8 21. Ra1 Nb7 22. Rxa6 Nc5 23. Bxc5 Qxc5 24. Qd2 Rb8 25. Rea1 Bb7 26. b4 Qc7 27. R6a5 Nd7 28. Nh4 Ra8 29. Nf5 Rxa5 30. Rxa5 Ra8 31. Rxa8+ Bxa8 32. Qe3 Kh7 33. g4 Nf8 34. c5 1-0


[Site "https://www.chess.com"]

[Event "Titled Tuesday Blitz May 30 Early 2023"]
[White "Svane, Rasmus"]
[Black "Kleiman, Jake"]
[WhiteFideId "4657101"]
[BlackFideId "2020041"]
[WhiteElo "2601"]
[BlackElo "2605"]
[Result "1-0"]
[Round "04"]
[TimeControl "180+2"]
[Date "2023.05.30"]
[WhiteClock "0:00:17"]
[BlackClock "0:00:02"]

1. Nf3 Nf6 2. g3 e6 3. Bg2 d5 4. O-O b5 5. d3 Be7 6. e4 O-O 7. exd5 exd5 8. Re1 Re8 9. Bf4 c5 10. Nbd2 Nc6 11. Ne5 Bb7 12. Ndf3 Rc8 13. Nxc6 Bxc6 14. Ne5 Ba8 15. Bh3 Rc7 16. Ng4 Rc6 17. Ne5 Rb6 18. d4 c4 19. c3 Bb7 20. Ng4 Bc8 21. Nxf6+ Bxf6 22. Rxe8+ Qxe8 23. Bxc8 Qxc8 24. Qf3 Qd7 25. Kg2 Qf5 26. g4 Qd7 27. h3 h6 28. Re1 Ra6 29. a3 Re6 30. Be5 Bxe5 31. Rxe5 Rxe5 32. dxe5 d4 33. Qa8+ Kh7 34. Qe4+ g6 35. cxd4 a5 36. d5 Kg7 37. e6 fxe6 38. dxe6 Qe7 39. Qd4+ Kg8 40. Qd5 Kg7 41. Qe5+ Kg8 42. Qd5 Kg7 43. f4 c3 44. bxc3 Qxa3 45. Qe5+ Kg8 46. e7 Qa2+ 47. Kg3 1-0


[Site "https://www.chess.com"]

[Event "Titled Tuesday Blitz May 30 Early 2023"]
[White "Lenderman, Aleksandr"]
[Black "Antal, Gergely"]
[WhiteFideId "2021285"]
[BlackFideId "717312"]
[WhiteElo "2607"]
[BlackElo "2471"]
[Result "1-0"]
[Round "04"]
[TimeControl "180+2"]
[Date "2023.05.30"]
[WhiteClock "0:01:58"]
[BlackClock "0:00:11"]

1. e4 d5 2. exd5 Nf6 3. Nf3 Nxd5 4. d4 g6 5. Be2 Bg7 6. O-O O-O 7. c4 Nb6 8. Nc3 Bg4 9. c5 Nd5 10. Qb3 Nxc3 11. bxc3 b6 12. cxb6 axb6 13. Bg5 Ra5 14. Bh4 Bf6 15. Bxf6 exf6 16. h3 Be6 17. c4 Bf5 18. Rad1 Re8 19. Rfe1 Kg7 20. c5 Nd7 21. c6 Nb8 22. d5 Be4 23. Bc4 Bxf3 24. Qxf3 Rxe1+ 25. Rxe1 Qd6 26. Qe2 b5 27. Bb3 Na6 28. Qe7 Nc5 29. Qxd6 cxd6 30. Re8 Ra7 31. Rd8 Ne4 32. f3 Ng3 33. Rxd6 f5 34. Rd7 Ra8 35. d6 Re8 36. Rxf7+ Kh6 37. Re7 Rd8 38. d7 Kg5 39. c7 1-0


[Site "https://www.chess.com"]

[Event "Titled Tuesday Blitz May 30 Early 2023"]
[White "Narayanan, Srinath"]
[Black "Marra, Eduardo da Costa"]
[WhiteFideId "5018420"]
[BlackFideId "2106990"]
[WhiteElo "2438"]
[BlackElo "2252"]
[Result "1-0"]
[Round "04"]
[TimeControl "180+2"]
[Date "2023.05.30"]
[WhiteClock "0:01:28"]
[BlackClock "0:00:16"]

1. Nf3 c5 2. c4 Nc6 3. d4 cxd4 4. Nxd4 g6 5. g3 Bg7 6. Nf3 d6 7. Bg2 Nf6 8. O-O O-O 9. Nc3 Be6 10. Nd5 Rc8 11. Rb1 a6 12. Be3 Bxd5 13. cxd5 Nb4 14. Qb3 Nbxd5 15. Bd4 b5 16. e4 Nb6 17. e5 Ne8 18. Rfd1 Nc4 19. Qb4 Qa5 20. Qxa5 Nxa5 21. Bh3 Rd8 22. Bb6 Nc6 23. Bxd8 Nxd8 24. Rbc1 Ne6 25. Bxe6 fxe6 26. Ng5 Bxe5 27. Nxe6 Rf6 28. Ng5 Bxb2 29. Rc8 Rf5 30. Rxe8+ Kg7 31. Ne4 Re5 32. f3 d5 33. Nf2 Re2 34. Rxd5 e5 35. Rd7+ Kf6 36. Ne4+ Kf5 37. Rf7# 1-0


[Site "https://www.chess.com"]

[Event "Titled Tuesday Blitz May 30 Early 2023"]
[White "Turayev, Shahruh"]
[Black "Terry, Renato"]
[WhiteFideId "14003856"]
[BlackFideId "3803457"]
[WhiteElo "2185"]
[BlackElo "2575"]
[Result "0-1"]
[Round "04"]
[TimeControl "180+2"]
[Date "2023.05.30"]
[WhiteClock "0:00:18"]
[BlackClock "0:00:11"]

1. e4 e6 2. b3 d5 3. Bb2 Nf6 4. Nc3 d4 5. Nce2 e5 6. d3 Bb4+ 7. c3 dxc3 8. Bxc3 Nc6 9. Qd2 Qd6 10. g3 O-O 11. Bg2 Rd8 12. Rd1 a5 13. Nf3 Bg4 14. O-O Bxf3 15. Bxf3 Rd7 16. Qe3 Bxc3 17. Nxc3 Rad8 18. Rd2 Nd4 19. Ne2 c5 20. Rc1 b6 21. Nxd4 Qxd4 22. Rcd1 Qb4 23. h4 h6 24. Kg2 Rd6 25. Rc2 Qd4 26. Rcd2 Nd7 27. Qxd4 Rxd4 28. Kf1 Nb8 29. Be2 Nc6 30. a3 g6 31. Rc2 Kg7 32. Rc4 R4d6 33. Rdc1 Nd4 34. b4 cxb4 35. axb4 b5 36. Rc5 Nb3 37. bxa5 Nxc1 38. Rxc1 b4 39. d4 exd4 40. Bd3 b3 41. a6 Rb6 42. Rb1 Rc8 43. Ke2 Rc5 44. f4 f6 45. Ra1 b2 46. Ra4 Rc8 47. Rxd4 b1=Q 48. Rd7+ Kg8 49. Bxb1 Rxb1 50. h5 gxh5 51. Rd6 Kf7 52. f5 Ra1 53. Rd7+ Kg8 54. Rd6 Kf7 55. Rd7+ Ke8 56. Rh7 Rxa6 57. Rxh6 Rc3 58. Rxh5 Ra2+ 59. Kd1 Rxg3 60. Rh8+ Kd7 61. Rh7+ Kd6 62. Rh1 Ra1+ 63. Ke2 Rxh1 0-1


[Site "https://www.chess.com"]

[Event "Titled Tuesday Blitz May 30 Early 2023"]
[White "Kuzubov, Yuriy"]
[Black "Sharapov, Evgeny"]
[WhiteFideId "14112906"]
[BlackFideId "14103133"]
[WhiteElo "2496"]
[BlackElo "2367"]
[Result "1-0"]
[Round "04"]
[TimeControl "180+2"]
[Date "2023.05.30"]
[WhiteClock "0:00:24"]
[BlackClock "0:00:22"]

1. d4 Nf6 2. c4 e6 3. Nc3 Bb4 4. Qc2 c5 5. dxc5 O-O 6. a3 Bxc5 7. Nf3 b6 8. Bg5 Bb7 9. e3 h6 10. Bh4 Be7 11. Be2 d6 12. O-O a6 13. Rfd1 Qc7 14. Rac1 Nbd7 15. Qb1 Rfd8 16. Nd4 Ne5 17. b3 Rac8 18. Bg3 Qb8 19. h3 Qa8 20. Bf1 Nh5 21. Bh2 Nf6 22. Na4 Qa7 23. Nc2 b5 24. Bxe5 bxa4 25. Bd4 Qa8 26. b4 Ne4 27. Qb2 e5 28. Bb6 Rf8 29. b5 axb5 30. cxb5 Bh4 31. f3 Bf2+ 32. Kh1 Ng3+ 33. Kh2 Nxf1+ 34. Rxf1 Bh4 35. Nb4 Bf6 36. e4 d5 37. exd5 Bxd5 38. Nxd5 Qxd5 39. Qb4 Be7 40. Qxe7 1-0


[Site "https://www.chess.com"]

[Event "Titled Tuesday Blitz May 30 Early 2023"]
[White "Shuvalov, Evgenij"]
[Black "Ibarra Jerez, Jose Carlos"]
[WhiteFideId "4187237"]
[BlackFideId "2226332"]
[WhiteElo "2080"]
[BlackElo "2638"]
[Result "0-1"]
[Round "04"]
[TimeControl "180+2"]
[Date "2023.05.30"]
[WhiteClock "0:00:08"]
[BlackClock "0:00:52"]

1. Nf3 d6 2. d4 Nf6 3. c4 g6 4. Nc3 Bf5 5. h3 Ne4 6. Qb3 Nxc3 7. Qxb7 Be4 8. d5 Nd7 9. bxc3 Bg7 10. Bd2 O-O 11. Nd4 Nc5 12. Qb2 Rb8 13. Qa3 Rb6 14. h4 e6 15. f3 exd5 16. fxe4 Nxe4 17. cxd5 Qf6 18. Be3 Rfb8 19. Qc1 Qe5 20. Rh3 Qxd5 21. g4 c5 22. Nb3 Bxc3+ 23. Bd2 Bxa1 24. Qxa1 Rxb3 25. Bg2 Qxd2+ 26. Kf1 Rb1+ 27. Qxb1 Rxb1# 0-1


[Site "https://www.chess.com"]

[Event "Titled Tuesday Blitz May 30 Early 2023"]
[White "Melian, Juan Sebastian"]
[Black "Kozak, Adam"]
[WhiteFideId "3706575"]
[BlackFideId "753246"]
[WhiteElo "2092"]
[BlackElo "2469"]
[Result "0-1"]
[Round "04"]
[TimeControl "180+2"]
[Date "2023.05.30"]
[WhiteClock "0:00:00"]
[BlackClock "0:00:02"]

1. d4 g6 2. e4 a6 3. Nc3 Bg7 4. Nf3 b5 5. Be3 Bb7 6. Bd3 Nf6 7. e5 Nd5 8. Nxd5 Bxd5 9. Qd2 d6 10. Bh6 O-O 11. Bxg7 Kxg7 12. Qf4 Nc6 13. Be4 dxe5 14. dxe5 e6 15. O-O-O a5 16. g4 a4 17. h4 h6 18. g5 a3 19. gxh6+ Kh8 20. b3 Nb4 21. Kb1 f5 22. Bxd5 Nxd5 23. Qd4 b4 24. Ka1 c5 25. Qc4 Qe7 26. Ng5 Rfd8 27. Rd3 Nc3 28. Rhh3 Rd5 29. Rxd5 exd5 30. Qf4 c4 31. Re3 cxb3 32. axb3 Ne4 33. e6 Qf6+ 34. c3 bxc3 35. Qe5 Qxe5 36. Nf7+ Kh7 37. Nxe5 Kxh6 38. e7 Re8 39. f3 c2 40. Re1 Nf2 0-1


[Site "https://www.chess.com"]

[Event "Titled Tuesday Blitz May 30 Early 2023"]
[White "Galchenko, Matvey"]
[Black "Kiremitciyan, Ari"]
[WhiteFideId "24175480"]
[BlackFideId "6373445"]
[WhiteElo "2423"]
[BlackElo "2181"]
[Result "1-0"]
[Round "04"]
[TimeControl "180+2"]
[Date "2023.05.30"]
[WhiteClock "0:00:20"]
[BlackClock "0:00:02"]

1. f4 d5 2. Nf3 g6 3. g3 Bg7 4. Bg2 c5 5. O-O h5 6. d3 d4 7. c3 Nh6 8. e4 dxe3 9. Bxe3 Nd7 10. h3 Nf5 11. Bf2 O-O 12. Re1 Rb8 13. a4 b6 14. Nbd2 Ba6 15. Qe2 Nf6 16. Nc4 Nd6 17. Qxe7 Bxc4 18. dxc4 Nxc4 19. Qe2 Na5 20. Ne5 Qc7 21. b4 Nb7 22. Qa6 Nd6 23. Rad1 Rbd8 24. Nc6 Rd7 25. bxc5 bxc5 26. Bxc5 Nf5 27. Bxf8 Bxf8 28. Rxd7 Nxd7 29. Qd3 Nc5 30. Qf3 Nxa4 31. Kh2 Bd6 32. Re8+ Kh7 33. Ne5 h4 34. g4 Ng3 35. Qa8 Qxc3 36. Rh8+ Kg7 37. Qg8+ Kf6 38. Qxf7# 1-0


[Site "https://www.chess.com"]

[Event "Titled Tuesday Blitz May 30 Early 2023"]
[White "Baghdasaryan, Vahe"]
[Black "Nguyen, Ngoc Truong Son"]
[WhiteFideId "13303139"]
[BlackFideId "12401110"]
[WhiteElo "2216"]
[BlackElo "2556"]
[Result "0-1"]
[Round "04"]
[TimeControl "180+2"]
[Date "2023.05.30"]
[WhiteClock "0:00:03"]
[BlackClock "0:00:55"]

1. e4 c5 2. Nf3 Nc6 3. d4 cxd4 4. Nxd4 e6 5. Nc3 a6 6. Be2 Qc7 7. O-O b5 8. Nxc6 Qxc6 9. Re1 Bb7 10. Bf3 Bc5 11. Be3 Ne7 12. Nd5 Bxe3 13. Rxe3 exd5 14. exd5 Qd6 15. Qe2 Kf8 16. Re1 Re8 17. a4 b4 18. c4 bxc3 19. bxc3 h5 20. c4 Rh6 21. Qc2 Qc5 22. d6 Bxf3 23. dxe7+ Kg8 24. Rxf3 Rxe7 25. Rb1 Rb6 26. Rd1 g6 27. h3 Rbe6 28. Rfd3 Re1+ 29. Rxe1 Rxe1+ 30. Kh2 Qe5+ 31. g3 Qe4 32. Re3 Rh1# 0-1


[Site "https://www.chess.com"]

[Event "Titled Tuesday Blitz May 30 Early 2023"]
[White "Dragnev, Valentin"]
[Black "Bodnaruk, Anastasia"]
[WhiteFideId "1634852"]
[BlackFideId "4181751"]
[WhiteElo "2487"]
[BlackElo "2304"]
[Result "1-0"]
[Round "04"]
[TimeControl "180+2"]
[Date "2023.05.30"]
[WhiteClock "0:00:06"]
[BlackClock "0:00:00"]

1. d4 Nf6 2. Bg5 d5 3. Nd2 Nbd7 4. e3 g6 5. Bd3 Bg7 6. f4 c5 7. c3 O-O 8. Ngf3 b6 9. O-O Bb7 10. Ne5 Ne4 11. Nxe4 dxe4 12. Bc4 Nxe5 13. fxe5 Qc7 14. Qb3 e6 15. Rf2 cxd4 16. exd4 h6 17. Bf6 e3 18. Rff1 Qc6 19. d5 exd5 20. Bb5 Qc5 21. Bxg7 Kxg7 22. Rf4 a6 23. Bd3 Rae8 24. Be2 Rxe5 25. Raf1 f5 26. Rd4 Re4 27. Rfd1 Rxd4 28. Rxd4 Re8 29. Qa4 b5 30. Qa5 Qd6 31. a4 bxa4 32. Rb4 Re7 33. Rb6 Qe5 34. Qb4 Bc8 35. Qc5 Qe4 36. h3 f4 37. Qxc8 f3 38. Rb8 f2+ 39. Kh1 Qb1+ 40. Kh2 Kf6 41. Qf8+ Rf7 42. Qd6+ Kg5 43. Qe5+ Rf5 44. Qxe3+ Kf6 45. Rf8+ Kg7 46. Qe7+ 1-0


[Site "https://www.chess.com"]

[Event "Titled Tuesday Blitz May 30 Early 2023"]
[White "Sousa, Andre Ventura"]
[Black "Hayrapetyan, Hovik"]
[WhiteFideId "1917617"]
[BlackFideId "13302639"]
[WhiteElo "2333"]
[BlackElo "2348"]
[Result "0-1"]
[Round "04"]
[TimeControl "180+2"]
[Date "2023.05.30"]
[WhiteClock "0:00:04"]
[BlackClock "0:00:20"]

1. e4 c5 2. Nf3 d6 3. Bb5+ Nd7 4. c3 Nf6 5. Bd3 e6 6. O-O a6 7. Re1 b5 8. a4 c4 9. Bf1 Bb7 10. d3 cxd3 11. Bxd3 Be7 12. axb5 axb5 13. Rxa8 Qxa8 14. Na3 O-O 15. Bg5 Nc5 16. Nxb5 Nxd3 17. Qxd3 Bxe4 18. Qe2 Bxf3 19. Qxf3 Qxf3 20. gxf3 Rb8 21. c4 d5 22. b3 h6 23. Bf4 Rc8 24. Bd6 Bxd6 25. Nxd6 Rc6 26. Nb5 dxc4 27. Rc1 c3 28. Rxc3 Rb6 29. Nd4 Nd5 30. Rc4 g5 31. Rc6 Rb4 32. Rc4 Rb8 33. Rc5 Ra8 34. Nc2 Nf4 35. b4 Ra2 36. h4 gxh4 37. Rc4 e5 38. b5 Rb2 39. Nb4 Nh3+ 40. Kg2 Nxf2 41. Kf1 Nd1 42. b6 Ne3+ 43. Kg1 Nxc4 0-1


[Site "https://www.chess.com"]

[Event "Titled Tuesday Blitz May 30 Early 2023"]
[White "Sethuraman, S.P."]
[Black "Budrewicz, Krzysztof"]
[WhiteFideId "5021596"]
[BlackFideId "1127950"]
[WhiteElo "2543"]
[BlackElo "2230"]
[Result "1/2-1/2"]
[Round "04"]
[TimeControl "180+2"]
[Date "2023.05.30"]
[WhiteClock "0:00:22"]
[BlackClock "0:00:27"]

1. d4 Nf6 2. c4 g6 3. Nf3 Bg7 4. Nc3 O-O 5. e4 d6 6. Be2 Nbd7 7. O-O e5 8. Re1 c6 9. Bf1 Re8 10. h3 Qe7 11. d5 cxd5 12. cxd5 a6 13. Be3 b5 14. Nd2 Nh5 15. b4 Rb8 16. a4 bxa4 17. Rxa4 Nb6 18. Ra3 Nf4 19. Kh2 f5 20. exf5 Qf7 21. fxg6 Qxg6 22. Bxf4 exf4 23. Rxe8+ Qxe8 24. Nce4 Qe5 25. Bxa6 f3+ 26. g3 Bxh3 27. Qxf3 Rf8 28. Qe2 Bd7 29. Rf3 Re8 30. Re3 Rf8 31. Nc5 Qf5 32. Nxd7 Qxf2+ 33. Qxf2 Rxf2+ 34. Kg1 Rxd2 35. Nxb6 Bd4 36. Nc4 Re2 37. Kf1 Rxe3 38. Nxe3 Bxe3 39. Ke2 Bg1 40. Kd3 Kf7 41. Kc4 Ke7 42. Bc8 Kd8 43. Be6 Kc7 44. g4 h6 45. Kd3 Kb6 46. Bd7 Bf2 47. Ke4 Be1 48. b5 Kc7 49. Bc6 Bf2 50. Kf5 Be3 51. Ke6 Bf4 52. Be8 Bg3 53. Kf5 Bh2 54. Bc6 Bg3 55. Kg6 Bf4 56. Kf7 Bg3 57. Ke6 Bf4 58. Be8 Bg3 59. Bg6 Bf4 60. Bd3 Bg3 61. Be2 Bh2 62. Kf5 Bg3 63. Ke4 Bh2 64. Kf5 Bg3 65. Kg6 Bf4 66. Kf5 Bg3 1/2-1/2


[Site "https://www.chess.com"]

[Event "Titled Tuesday Blitz May 30 Early 2023"]
[White "Degenbaev, Aziz"]
[Black "Baskakov, Egor"]
[WhiteFideId "13802640"]
[BlackFideId "24197866"]
[WhiteElo "2152"]
[BlackElo "2225"]
[Result "1-0"]
[Round "04"]
[TimeControl "180+2"]
[Date "2023.05.30"]
[WhiteClock "0:00:04"]
[BlackClock "0:00:00"]

1. e4 c5 2. Nf3 Nf6 3. e5 Nd5 4. Nc3 e6 5. Nxd5 exd5 6. d4 Nc6 7. Bd3 c4 8. Be2 d6 9. O-O Be7 10. b3 c3 11. Qd3 dxe5 12. Nxe5 Qa5 13. Bf3 O-O 14. Re1 Be6 15. Nxc6 bxc6 16. Bf4 Rad8 17. Re3 c5 18. Be5 c4 19. Qxc3 Bb4 20. Qb2 Bd2 21. b4 c3 22. Qb3 Qb6 23. Re2 Bf5 24. Bxd5 Bxc2 25. Bxf7+ Rxf7 26. Qxc2 Qxb4 27. Rb1 Qa5 28. Re4 Qd5 29. Rh4 h6 30. Rg4 Rdf8 31. Qg6 Bg5 32. h4 c2 33. Qxc2 Rxf2 34. Qg6 Qd6 35. Qxd6 1-0


[Site "https://www.chess.com"]

[Event "Titled Tuesday Blitz May 30 Early 2023"]
[White "Romkachess"]
[Black "Lobanov, Sergei"]
[BlackFideId "24183750"]
[WhiteElo "2557"]
[BlackElo "2501"]
[Result "1/2-1/2"]
[Round "04"]
[TimeControl "180+2"]
[Date "2023.05.30"]
[WhiteClock "0:00:05"]
[BlackClock "0:00:03"]

1. e4 e5 2. Nf3 Nc6 3. Bc4 Nf6 4. d3 Be7 5. O-O O-O 6. a4 d6 7. h3 Be6 8. Na3 h6 9. c3 Qd7 10. Re1 Rad8 11. Nc2 Bxc4 12. dxc4 Na5 13. Qe2 Qc6 14. Nd2 Qd7 15. b4 Nc6 16. Ne3 Nh7 17. Nf5 Bg5 18. h4 Bxd2 19. Bxd2 Ne7 20. Qf3 Nxf5 21. exf5 c6 22. f6 Nxf6 23. Bxh6 Qg4 24. Bg5 Qxf3 25. gxf3 Rd7 26. Rad1 Re8 27. f4 exf4 28. Bxf6 Rxe1+ 29. Rxe1 gxf6 30. Re4 d5 31. Rxf4 dxc4 32. Rxc4 Rd2 33. Rf4 Rd3 34. Rc4 Kg7 35. a5 Kg6 36. Kg2 a6 37. Rc5 f5 38. f3 Rd2+ 39. Kg3 Rd3 40. Rc4 f6 41. Kf4 Rd2 42. Kg3 Rd3 43. Rc5 Rd2 44. h5+ Kg5 45. h6 Kxh6 46. Rxf5 Kg6 47. Rc5 Rd3 48. Rc4 Kf7 49. Rc5 Ke6 50. Rc4 Kd6 51. Kf4 Ke6 52. Ke4 Rd1 53. Rd4 Re1+ 54. Kf4 Rc1 55. Re4+ Kd5 56. Re7 Rxc3 57. Rxb7 c5 58. bxc5 Rxc5 59. Rb6 Rxa5 60. Rxf6 Ra1 61. Rf5+ Kd4 62. Rf8 a5 63. Rd8+ Kc5 64. Kf5 a4 65. f4 a3 66. Rc8+ Kb6 67. Rb8+ Ka7 68. Rb4 Ka6 69. Ra4+ Kb5 70. Ra8 a2 71. Kf6 Kc6 72. f5 Kd7 73. Kf7 Rf1 74. Rxa2 Rxf5+ 75. Kg6 Rb5 76. Rd2+ Kc6 1/2-1/2


[Site "https://www.chess.com"]